 Dungeon Crawl Stone Soup version 0.28-a0-43-g560ac104fe (webtiles) character file.

Game seed: 12174808949564735244

1373 bande the Shield-Bearer (level 8, -10/48 HPs)
             Began as a Gargoyle Fighter on July 28, 2021.
             Mangled by a two-headed ogre (23 damage)
             ... on level 5 of the Dungeon.
             The game lasted 00:11:33 (6274 turns).

bande the Shield-Bearer (Gargoyle Fighter)          Turns: 6274, Time: 00:11:35

Health: -10/48     AC: 12    Str: 21    XL:     8   Next: 66%
Magic:  12/12      EV:  7    Int:  9    God:
Gold:   221        SH: 16    Dex: 10    Spells: 11/12 levels left

rFire   . . .      SeeInvis .   a - +0 war axe
rCold   . . .      Faith    .   c - +1 kite shield
rNeg    + . .      Spirit   .   b - +0 scale mail
rPois   ∞          Reflect  +   (no helmet)
rElec   +          Harm     .   (no cloak)
rCorr   .          Rampage  .   (no gloves)
Will    .....                   (no boots)
Stlth   ..........              l - amulet of reflection
HPRegen 0.16/turn               (no ring)
MPRegen 0.13/turn               (no ring)

@: no status effects
A: sickness immunity, AC +5, negative energy resistance 1, electricity
resistance, torment resistance 1, petrification resistance
a: no special abilities


You were on level 5 of the Dungeon.
You visited 2 branches of the dungeon, and saw 6 of its levels.

You collected 221 gold pieces.

Inventory:

Hand Weapons
 a - a +0 war axe (weapon)
 k - a +0 flail
Armour
 b - a +0 scale mail (worn)
 c - a +1 kite shield (worn)
Jewellery
 e - an amulet of magic regeneration
 l - an amulet of reflection (around neck)
Wands
 g - a wand of polymorph (14)
 j - a wand of acid (18)
Scrolls
 f - 2 scrolls of enchant armour
 h - a scroll of teleportation
 o - a scroll of holy word {unknown}
 p - 6 scrolls of identify
Potions
 d - 2 potions of might
 i - a potion of brilliance
 m - a potion of lignification
 n - 2 potions of haste
 q - a potion of flight {unknown}
 r - 2 potions of resistance {unknown}


   Skills:
 + Level 4.5 Fighting
 + Level 4.7(5.3) Axes
 * Level 3.5(4.7) Polearms
 + Level 5.1 Armour
 + Level 5.6 Shields
 * Level 2.9 Spellcasting
 * Level 3.0 Evocations


You had 11 spell levels left.
You knew the following spells:

 Your Spells              Type           Power      Damage    Failure   Level
a - Apportation           Tloc           2%         N/A       95%         1

Your spell library contained the following spells:

 Spells                   Type           Power      Damage    Failure   Level
 Beastly Appendage        Tmut           2%         N/A       95%         1
 Pain                     Necr           4%         1d4       95%         1
 Wereblood                Tmut           1%         N/A       99%         2
 Dazzling Flash           Conj/Hex       2%         N/A       100%        3
 Spider Form              Tmut/Pois      0%         N/A       100%        3
 Iskenderun's Mystic Bla  Conj/Tloc      1%         2d3       100%        4
 Agony                    Necr           1%         N/A       100%        5
 Alistair's Intoxication  Tmut/Pois      0%         N/A       100%        5
 Excruciating Wounds      Necr           0%         N/A       100%        5
 Invisibility             Hex            0%         N/A       100%        6
 Starburst                Conj/Fire      0%         8x6d3     100%        6


Dungeon Overview and Level Annotations

Branches:
Dungeon (5/15)             Temple (1/1) D:4

Altars:
Ashenzari
Dithmenos
Fedhas
Hepliaklqana
Makhleb
Nemelex Xobeh
Qazlal
Ru
Sif Muna
Uskayaw
Wu Jian
Xom
Yredelemnul


Innate Abilities, Weirdness & Mutations

You are immune to sickness and miasma.
Your stone body is resilient. (AC +5)
You are immune to poison.
You resist negative energy. (rN+)
You are resistant to electric shocks. (rElec)
You are resistant to unholy torment.
You are immune to petrification.


Message History

You hit the gnoll but do no damage. You block the gnoll's attack.
You hit the gnoll but do no damage. The gnoll hits you but does no damage.
You slash the gnoll!
You kill the gnoll!
You see here a +0 spear.
You now have 221 gold pieces (gained 13).
You start resting.
HP restored.
You open the door. 2 orcs, 2 orc wizards and a two-headed ogre come into view.
The orc wizard shouts!
The orc shouts!
The orc wizard shouts!
The orc shouts!
Found six items.
You hit the orc wizard.
The orc wizard is heavily wounded.
You slash the two-headed ogre!
The two-headed ogre is moderately wounded.
You block the two-headed ogre's attack. The two-headed ogre barely misses you.
You slash the two-headed ogre!
The two-headed ogre is heavily wounded.
The orc wizard casts a spell.
The orc wizard flickers and vanishes!
Deactivating autopickup; reactivate with Ctrl-A.
You block the two-headed ogre's attack. x2
You hit the two-headed ogre.
The two-headed ogre is heavily wounded.
You block the two-headed ogre's attack.
The two-headed ogre hits you with a +0 giant club!
You slash the two-headed ogre!
The two-headed ogre is severely wounded.
The two-headed ogre hits you with a +0 giant club!!
Ouch! That really hurt!
* * * LOW HITPOINT WARNING * * *
The two-headed ogre barely misses you.
You hit the two-headed ogre.
The two-headed ogre is severely wounded.
The orc wizard mumbles some strange words.
The orc wizard flickers and vanishes!
The two-headed ogre hits you but does no damage.
The two-headed ogre hits you with a +0 giant club!!
You die...

#.# #.########...###.# #.#
#................# #.#
##########...###.#
##################.......####.##
.#.....#.....#(()#####...# #...##
.#.....#.....#.o{# #.### #....#
.#..#..#.)#..# o{# #.# #....#
.#..#..#..#..###O# #.# ##.#.#
....#.....#.....@#####.# #.#.#
....#.....#......#.....# #.#)#
##################.##### #.#.#
...................# #.#.#
...................# #.#.#
##################.# #.#.#
....#...ZZ#......#.# #.#.#
....#...).#...w..#.##########.#.#
.#..#..#..#..###'#...†........#.#


You could see a two-headed ogre and 2 orcs.

Vanquished Creatures
  A sky beast (D:5)
  A black bear (D:5)
  An orc warrior (D:5)
  An ogre (D:5)
  A centaur (D:5)
  Blork the orc (D:4)
  2 scorpions (D:5)
  3 water moccasin skeletons (D:5)
  4 hounds (D:5)
  2 orc priests (D:5)
  4 iguanas
  A scorpion zombie (D:5)
  An orc wizard (D:3)
  A hound skeleton (D:5)
  5 gnolls (D:5)
  9 adders
  A shadow imp (D:5)
  An ufetubus (D:5)
  A worm (D:3)
  2 dart slugs
  16 orcs
  8 endoplasms
  4 giant cockroaches
  9 goblins
  11 hobgoblins
  4 jackals (D:2)
  2 kobolds
  5 quokkas
  7 ball pythons
  3 bats
  4 frilled lizards
  7 rats
123 creatures vanquished.

Notes
Turn   | Place    | Note
-------+----------+-------------------------------------------
     0 | D:1      | bande the Gargoyle Fighter began the quest for the Orb.
     0 | D:1      | Reached XP level 1. HP: 14/14 MP: 1/1
   142 | D:1      | Reached XP level 2. HP: 19/19 MP: 2/2
   153 | D:1      | You fall into a shaft and drop 1 floor!
   472 | D:2      | Reached XP level 3. HP: 22/24 MP: 3/3
  1152 | D:1      | Reached skill level 1 in Polearms
  1277 | D:2      | Learned a level 1 spell: Apportation
  1280 | D:2      | Reached XP level 4. HP: 27/29 MP: 4/4
  1981 | D:3      | Reached XP level 5. HP: 32/33 MP: 6/6
  1983 | D:3      | Reached skill level 1 in Spellcasting
  2589 | D:3      | Reached skill level 1 in Evocations
  3107 | D:3      | Found a faded altar of an unknown god.
  3248 | D:4      | Identified a scroll of acquirement
  3248 | D:4      | Acquired an amulet of reflection
  3368 | D:4      | Found a shimmering altar of Xom.
  3552 | D:4      | Noticed Blork the orc
  3555 | D:4      | Found a staircase to the Ecumenical Temple.
  3569 | D:4      | Killed Blork the orc
  3570 | D:4      | Reached XP level 6. HP: 21/38 MP: 7/7
  3599 | Temple   | Entered the Ecumenical Temple
  3780 | D:4      | Found a hide-covered altar of Uskayaw.
  4436 | D:5      | Entered Level 5 of the Dungeon
  4563 | D:5      | Reached XP level 7. HP: 41/43 MP: 9/9
  5375 | D:5      | Reached skill level 5 in Shields
  5375 | D:5      | Reached XP level 8. HP: 45/48 MP: 11/11
  6016 | D:5      | Reached skill level 5 in Armour
  6268 | D:5      | Noticed a two-headed ogre
  6274 | D:5      | Mangled by a two-headed ogre

Illustrated notes

Levels and vault maps discovered:
D:1:      ebering_hopf_link, layout_basic, minmay_split_cup_small
D:2:      layout_basic, chequers_garden
D:3:      layout_loops_ring, ebering_ecumenical_altar_webs,
          chequers_serial_rivers_room_a
D:4:      layout_layer_cave, mainiacjoe_overflow_boulevard,
          eat_drink_and_be_merry_uskayaw, minmay_temple_entry_statues_pillars,
          uniq_blork_the_orc
D:5:      kennysheep_windowed_halls, layout_loops_ring
Temple:   minmay_freezing_vapour_temple

Skill      XL: |  1  2  3  4  5  6  7  8 |
---------------+-------------------------+-----
Axes           | 2 3 4 |  4.7
Polearms       | 1 2 3 |  3.5
Shields        | 4 5 |  5.6
Spellcasting   | 1 2 |  2.9
Fighting       | 4 |  4.5
Evocations     | 1 2 3 |  3.0
Armour         | 4 5 |  5.1

Action                   |  1- 3 |  4- 6 |  7- 9 || total
-------------------------+-------+-------+-------++-------
Melee: War axe           |   113 |   209 |   160 ||   482
  Use: Scroll            |     7 |     5 |       ||    12
       Potion            |       |     8 |     1 ||     9
Armor: Scale mail        |    56 |   105 |    77 ||   238
       Skin              |       |     1 |       ||     1
Dodge: Dodged            |    45 |    54 |    55 ||   154
Block: Kite shield       |    74 |   160 |   184 ||   418
       Reflection        |       |     5 |     2 ||     7

Table legend: (Time is in decaauts)
 A = Elapsed time spent in this place.
 B = Non-inter-level travel time spent in this place.
 C = Inter-level travel time spent in this place.
 D = Time resting spent in this place.
 E = Time spent auto-exploring this place.
 F = Levels seen in this place.
 G = Mean time per level.
                   A        B        C        D        E       F      G
               +--------+--------+--------+--------+--------+-----+--------+
         Total |   6522 |   6495 |     27 |   1231 |   3779 |   6 | 1087.0 |
       Dungeon |   6508 |   6481 |     27 |   1231 |   3779 |   5 | 1301.6 |
        Temple |     13 |     13 |      0 |      0 |      0 |   1 |   13.0 |
               +--------+--------+--------+--------+--------+-----+--------+

Top non-repeatable levels by time:
     D:5: 1919 daAuts
     D:3: 1444 daAuts
     D:4: 1203 daAuts
     D:2: 1109 daAuts
     D:1: 831 daAuts
  Temple: 13 daAuts
